 Dungeon Crawl Stone Soup version 0.30.1-11-g7821555f0a (webtiles) character file.

Game seed: 3285426927017866424

15209 monsoonserge the Carver (level 11, -2/53 (56) HPs)
             Began as a Spriggan Hunter on Oct 31, 2023.
             Was an Initiate of Gozag.
             Killed from afar by a rime drake (25 damage)
             ... with an icy flash freeze
             ... on level 1 of the Lair of Beasts.
             The game lasted 00:28:31 (11524 turns).

monsoonserge the Carver (Spriggan Hunter)          Turns: 11524, Time: 00:28:32

HP:   -2/53 (56)    AC:  5    Str:  7    XL:     11   Next: 98%
MP:   12/12         EV: 24    Int: 10    God:    Gozag
Gold: 1895          SH: 10    Dex: 30    Spells: 10/10 levels left

rFire   + . .        b - +7 Throatcutter {drain, coup de grace}
rCold   . . .        O - +3 warlock's mirror {omnireflect}
rNeg    . . .        v - +1 robe "Xofex" {rElec rF+}
rPois   +            P - +1 hat
rElec   +            w - +0 cloak
rCorr   .            (gloves unavailable)
SInv    +            (boots unavailable)
Will    +....        t - amulet of magic regeneration
Stlth   +++++        R - ring of poison resistance
HPRegen 0.28/turn    K - +6 ring of dexterity
MPRegen 0.53/turn

%: reflection
@: gold aura, drained, very quick
A: very small, no large weapons, unfitting armour, see invisible, speed 3
a: Renounce Religion, Potion Petition, Call Merchant, Bribe Branch


You were on level 1 of the Lair of Beasts.
You worshipped Gozag.
Gozag was most pleased with you.
You visited 4 branches of the dungeon, and saw 15 of its levels.

You collected 2600 gold pieces.
You spent 639 gold pieces at shops.
You paid 66 gold pieces to Gozag.

Inventory:

Hand Weapons
 a - a +0 sling
 b - the +7 Throatcutter (weapon) {drain, coup de grace}
   (You took it off Terence on level 2 of the Dungeon)
 y - a +3 arbalest
Missiles
 C - 42 poisoned darts (quivered)
Armour
 v - the +1 robe "Xofex" (worn) {rElec rF+}
   (You found it on level 4 of the Dungeon)

   rF:        It protects you from fire.
   rElec:     It insulates you from electricity.
 w - a +0 cloak (worn)
 O - the +3 warlock's mirror (worn) {omnireflect}
   (You bought it in a shop on level 9 of the Dungeon)

   Omnireflect: It can block and reflect piercing ranged attacks and magical
   attacks against the wielder's willpower.
 P - a +1 hat (worn)
 Q - a +2 robe of positive energy
Magical Staves
 n - a staff of conjuration
Jewellery
 t - an amulet of magic regeneration (around neck)
 K - a +6 ring of dexterity (right hand)
 L - a ring of wizardry
 M - a ring of magical power
 R - a ring of poison resistance (left hand)
Wands
 c - a wand of roots (10)
 s - a wand of flame (35)
 x - a wand of polymorph (19)
 I - a wand of quicksilver (6)
Scrolls
 d - 15 scrolls of identify {unknown}
 e - 2 scrolls of poison {unknown}
 h - 11 scrolls of teleportation
 i - 2 scrolls of immolation
 j - 3 scrolls of blinking {unknown}
 p - 2 scrolls of fear {unknown}
 q - 5 scrolls of vulnerability {unknown}
 r - 2 scrolls of amnesia {unknown}
 B - a scroll of enchant armour {unknown}
 D - a scroll of torment {unknown}
 E - 2 scrolls of noise {unknown}
 H - a scroll of magic mapping {unknown}
Potions
 f - 5 potions of berserk rage {unknown}
 g - 4 potions of magic {unknown}
 k - 2 potions of invisibility {unknown}
 l - 4 potions of heal wounds
 m - 3 potions of curing {unknown}
 o - 4 potions of degeneration {unknown}
 u - a potion of resistance {unknown}
 z - a potion of might {unknown}
 A - 2 potions of ambrosia {unknown}
 F - 4 potions of brilliance {unknown}
 G - a potion of flight {unknown}
 N - a potion of lignification {unknown}


   Skills:
 + Level 5.7 Fighting
 + Level 10.0 Long Blades
 + Level 8.4 Ranged Weapons
 + Level 6.4 Dodging
 + Level 9.5 Stealth
 * Level 4.5 Shields
 * Level 9.7 Evocations


You had 10 spell levels left.
You didn't know any spells.
Your spell library contained the following spells:

 Spells                   Type           Power      Damage    Failure   Level
 Freeze                   Ice            0%         1d3       52%         1
 Kiss of Death            Conj/Necr      0%         2d5       52%         1
 Magic Dart               Conj           0%         1d3       52%         1
 Shock                    Conj/Air       0%         1d3       52%         1
 Summon Small Mammal      Summ           0%         N/A       52%         1
 Ensorcelled Hibernation  Hex/Ice        0%         N/A       65%         2
 Passwall                 Tmut/Erth      0%         N/A       65%         2
 Searing Ray              Conj           0%         2d4       65%         2
 Call Canine Familiar     Summ           0%         N/A       87%         3
 Confusing Touch          Hex            0%         N/A       87%         3
 Frozen Ramparts          Ice            0%         1d1       87%         3
 Hailstorm                Conj/Ice       0%         3d3       87%         3
 Spider Form              Tmut/Pois      0%         N/A       87%         3
 Summon Guardian Golem    Hex/Summ       0%         N/A       87%         3
 Swiftness                Air            0%         N/A       87%         3
 Tukima's Dance           Hex            0%         N/A       87%         3
 Airstrike                Air            0%         2d(0-16)  99%         4
 Anguish                  Hex/Necr       0%         N/A       99%         4
 Dispel Undead            Necr           0%         3d6       99%         4
 Fulminant Prism          Conj/Hex       0%         3d5       99%         4
 Passage of Golubria      Tloc           0%         N/A       99%         4
 Yara's Violent Unravell  Hex/Tmut       0%         3d3       100%        5
 Chain Lightning          Conj/Air       0%         N/A       100%        9
 Fire Storm               Conj/Fire      0%         5d1       100%        9
 Shatter                  Erth           0%         3d5*      100%        9


Dungeon Overview and Level Annotations

Branches:
Dungeon (12/15)            Temple (1/1) D:4            Lair (1/5) D:9
    Orc (1/2) D:9

Altars:
Ashenzari
Cheibriados
Dithmenos
Elyvilon
Fedhas
Gozag
Hepliaklqana
Kikubaaqudgha
Makhleb
Nemelex Xobeh
Okawaru
Qazlal
Ru
Sif Muna
Trog
Uskayaw
Vehumet
Wu Jian
Xom
Yredelemnul
Zin
The Shining One

Shops:
D:3 *   D:5 [   D:9 [

Annotations:
D:7 dig for scrolls
D:12 Erolcha


Innate Abilities, Weirdness & Mutations

You are very small and have problems with some larger weapons.
You are too small for most types of armour.
You have supernaturally acute eyesight. (SInv)
You cover ground extremely quickly. (Speed+++)


Message History

You now have 1866 gold pieces (gained 5).
You now have 1881 gold pieces (gained 15).
Found 14 gold pieces.
d - 15 scrolls labelled EFRUEM GATURI (gained 1)
There are no items here.
There is a stone staircase leading down here.
You now have 1895 gold pieces (gained 14).
There are no items here. 2 hell rats come into view.
A hell rat comes into view.
The hell rat roars deafeningly!
You hear a deafening roar!
You hear an angry hiss.
A hell rat comes into view.
The hell rat roars deafeningly! x2
Found a leather armour.
The hell rat completely misses you.
You closely miss the hell rat. The hell rat misses you.
The hell rat completely misses you.
You slash the hell rat!
You kill the hell rat!
You block the hell rat's attack. The hell rat barely misses you.
The hell rat misses you.
You hit the hell rat but do no damage. You block the hell rat's attack.
The hell rat barely misses you. The hell rat bites you!
You slice the hell rat!!
You kill the hell rat!
You block the hell rat's attack.
A rime drake comes into view.
The hell rat misses you. You block the hell rat's attack.
You slash the hell rat!
The hell rat is almost dead.
The hell rat bites you.
You feel drained. The hell rat misses you.
You slash the hell rat!
You kill the hell rat!
The hell rat bites you!
You feel drained. You block the hell rat's attack.
You slash the hell rat!
You behead the hell rat!
You kill the hell rat!
The rime drake breathes ice at you. The icy flash freeze hits you!!
You die...
Your body crumbles into a pile of gold.

#..........## #..
#.........#.# ## ## #..
#..........## ####.##P#
#....
..........######P#....[#
#.... ........>##
#.##........ #....
......[..# #...........
##...
#........####..$$.......
#...
##.......#.....$.k.....
#.......#.......@.......
...##...................
#.# ##..................
#...#..............
#..###.............
....# ##............
.....# #............
..... ##........##.


You could see a rime drake (catching breath).

Vanquished Creatures
  2 two-headed ogres
  Nergalle (Orc:1)
  A deep elf pyromancer (D:12)
  Pikel (D:9)
  An ugly thing (D:7)
  A cyclops (D:11)
  An unseen horror (D:10)
  A cane toad (Lair:1)
  2 komodo dragons
  2 kobold demonologists (D:9)
  4 trolls
  Grinder (D:3)
  Sigmund (D:2)
  A slime creature (D:10)
  2 shadows (D:11)
  7 yaks
  2 wraiths
  3 wyverns
  A steam dragon (D:9)
  Menkaure (D:6)
  8 vampire mosquitoes
  An acid dragon (D:10)
  A water moccasin (Lair:1)
  14 orc warriors
  5 ogres
  2 ice beasts (D:5)
  4 centaurs
  A lemure (D:9)
  A phantom (D:5)
  5 kobold brigands
  A gnoll sergeant (Orc:1)
  A scorpion (D:6)
  16 wights
  6 killer bees
  6 howler monkeys
  2 hounds
  Crazy Yiuf (D:4)
  9 orc priests
  11 jellies
  A sleepcap (D:6)
  Terence (D:2)
  Natasha (thrice) (D:2)
  An iguana (D:6)
  5 orc wizards
  4 hell rats (Lair:1)
  5 gnolls
  2 adders
  2 white imps
  3 worms
  2 dart slugs
  75 orcs
  15 endoplasms
  A giant cockroach (D:3)
  6 goblins
  6 hobgoblins
  7 jackals
  12 kobolds
  3 quokkas
  4 ball pythons
  4 bats
  2 frilled lizards (D:1)
  2 rats (D:3)
297 creatures vanquished.

Notes
Turn   | Place    | Note
-------+----------+-------------------------------------------
     0 | D:1      | monsoonserge the Spriggan Hunter began the quest for the
                  | Orb.
     0 | D:1      | Reached XP level 1. HP: 10/10 MP: 2/2
     3 | D:1      | Noticed an electric eel
     4 | D:1      | Noticed an electric eel
   267 | D:1      | Reached XP level 2. HP: 14/14 MP: 3/3
   467 | D:1      | You fall into a shaft and drop 1 floor!
   468 | D:2      | Noticed Terence
   545 | D:2      | Killed Terence
   546 | D:2      | Reached skill level 5 in Ranged Weapons
   546 | D:2      | Reached XP level 3. HP: 18/18 MP: 4/4
  1120 | D:2      | Noticed Natasha
  1127 | D:2      | Killed Natasha
  1128 | D:2      | Reached XP level 4. HP: 23/23 MP: 5/5
  1128 | D:2      | Noticed Sigmund
  1133 | D:2      | Killed Sigmund
  1134 | D:2      | Reached skill level 2 in Long Blades
  1134 | D:2      | Reached XP level 5. HP: 27/27 MP: 6/6
  1448 | D:2      | Noticed Natasha
  1453 | D:2      | Killed Natasha
  1454 | D:2      | Reached XP level 6. HP: 32/32 MP: 7/7
  1485 | D:3      | Reached skill level 3 in Long Blades
  1621 | D:3      | Found a shimmering altar of Xom.
  1622 | D:3      | Noticed Grinder
  1645 | D:3      | Killed Grinder
  1646 | D:3      | Reached skill level 4 in Long Blades
  1848 | D:2      | Noticed Natasha
  1875 | D:2      | Reached XP level 7. HP: 18/35 MP: 8/8
  1884 | D:2      | Killed Natasha
  2117 | D:3      | Found Eblit's General Store.
  2131 | D:3      | Bought a scroll of teleportation for 39 gold pieces
  2237 | D:4      | Identified the +1 robe "Xofex" {rElec rF+}
  2274 | D:4      | Found a staircase to the Ecumenical Temple.
  2283 | Temple   | Entered the Ecumenical Temple
  2442 | Temple   | Became a worshipper of Gozag Ym Sagoz the Greedy
  2703 | D:4      | Found a runed translucent door.
  2704 | D:4      | Noticed Crazy Yiuf
  2711 | D:4      | Killed Crazy Yiuf
  3083 | D:5      | Entered Level 5 of the Dungeon
  3104 | D:5      | Reached skill level 5 in Stealth
  3132 | D:5      | Reached skill level 5 in Long Blades
  3132 | D:5      | Reached skill level 1 in Evocations
  3409 | D:5      | Found Rasidisisch's Armour Shop.
  3637 | D:5      | Reached XP level 8. HP: 40/40 MP: 9/9
  3643 | D:5      | Reached skill level 6 in Long Blades
  4272 | D:5      | Found an ornate altar of the Wu Jian Council.
  4811 | D:6      | Noticed Menkaure
  4815 | D:6      | Killed Menkaure
  5122 | D:6      | Reached skill level 7 in Long Blades
  5263 | D:7      | Reached XP level 9. HP: 44/44 MP: 10/10
  5355 | D:7      | Found a glowing silver altar of Zin.
  5998 | D:7      | Noticed a cyan ugly thing
  6033 | D:7      | Killed a cyan ugly thing
  6205 | D:7      | Reached skill level 5 in Evocations
  6823 | D:8      | Found a white marble altar of Elyvilon.
  6981 | D:8      | Noticed a two-headed ogre
  7004 | D:8      | Killed a two-headed ogre
  7005 | D:8      | Reached skill level 8 in Long Blades
  7005 | D:8      | Reached XP level 10. HP: 51/51 MP: 11/11
  7618 | D:9      | Found a staircase to the Orcish Mines.
  7667 | D:9      | Found Sep Liu's Armour Shop.
  7675 | D:9      | Bought the +3 warlock's mirror {omnireflect} for 600 gold
                  | pieces
  7675 | D:9      | Found the +3 warlock's mirror {omnireflect}
  7701 | D:9      | Found a staircase to the Lair.
  7998 | D:9      | Found a broken altar of Ashenzari.
  8006 | D:9      | Found a stormy altar of Qazlal.
  8103 | D:9      | Reached skill level 1 in Shields
  8261 | D:9      | Noticed Pikel
  8262 | D:9      | Killed Pikel
  8588 | D:10     | Entered Level 10 of the Dungeon
  8793 | D:10     | Reached skill level 5 in Fighting
  8970 | D:10     | Reached skill level 5 in Dodging
  9559 | D:10     | Reached XP level 11. HP: 41/55 MP: 12/12
  9813 | D:11     | Found an iron altar of Okawaru.
  9839 | D:11     | Reached skill level 9 in Long Blades
 10445 | D:11     | Noticed a two-headed ogre
 10454 | D:11     | Killed a two-headed ogre
 10898 | D:12     | Noticed a deep elf pyromancer
 10899 | D:12     | Killed a deep elf pyromancer
 10900 | D:12     | Noticed Erolcha
 11023 | Orc:1    | Entered Level 1 of the Orcish Mines
 11046 | Orc:1    | Noticed Nergalle
 11056 | Orc:1    | Killed Nergalle
 11203 | Orc:1    | Found a burning altar of Makhleb.
 11403 | Lair:1   | Entered Level 1 of the Lair of Beasts
 11489 | Lair:1   | Reached skill level 10 in Long Blades
 11524 | Lair:1   | Killed from afar by a rime drake

Illustrated notes

Levels and vault maps discovered:
D:1:      arrival_aquarium_b, layout_basic, kennysheep_boxes
D:2:      layout_basic, uniq_sigmund, uniq_terence, uniq_natasha
D:3:      layout_rooms, amcnicky_altar_gilded, serial_shops, shop, minivault_14,
          uniq_grinder
D:4:      layout_basic, minmay_temple_entry_poolview, uniq_crazy_yiuf_cottage
D:5:      layout_basic, nicolae_wu_jian_immortal_techniques,
          minmay_shop_grid_forest, minmay_small_thing
D:6:      layout_cave_pools, serial_park, serial_park_avenue1,
          serial_park_square2, serial_park_paths [serial_park_minivault_5x5_8],
          kennysheep_generic_room_5, uniq_menkaure
D:7:      layout_loops_ring, zin_scriptorium
D:8:      layout_basic, nicolae_overflow_crystal_walls, minivault_1
D:9:      layout_long_grid, mainiacjoe_overflow_catch_the_wave,
          lair_entry_dummy, orc_0_dummy, special_room [special_room_orc],
          serial_shops, shop_fountains, uniq_pikel
D:10:     lemuel_slime, layout_basic
D:11:     layout_roguey, special_room [special_room_orc],
          okawaru_ov_weapons_minmay
D:12:     layout_basic, gammafunk_ghost_stat_death,
          nicolae_qazlal_general_emergency, uniq_nessos, uniq_kirke,
          uniq_erolcha
Temple:   regret_index_temple_sphere_string
Lair:1:   layout_cave_pods, special_room [special_room_bee], uniq_gastronok
Orc:1:    layout_diamond_mine, bloody_makhleb, uniq_nergalle

Skill      XL: |  1  2  3  4  5  6  7  8  9 10 11 |
---------------+----------------------------------+-----
Ranged Weapons | 5 7 8 |  8.4
Fighting       | 2 3 4 5 |  5.7
Stealth        | 2 3 4 5 7 8 9 |  9.5
Long Blades    | 2 4 5 7 8 10 | 10.0
Dodging        | 3 4 5 6 |  6.4
Evocations     | 2 3 5 7 9 |  9.7
Shields        | 2 4 |  4.5

Action                     |  1- 3 |  4- 6 |  7- 9 | 10-12 || total
---------------------------+-------+-------+-------+-------++-------
  Melee: Long sword        |    19 |    39 |    86 |   375 ||   519
         Punch             |     1 |       |       |       ||     1
   Fire: Shortbow          |    45 |       |       |       ||    45
         Arbalest          |       |       |   132 |    13 ||   145
  Throw: Dart              |       |       |     1 |       ||     1
    Use: Potion            |       |       |     1 |       ||     1
   Stab: Sleeping          |     5 |     3 |     7 |    11 ||    26
         Distracted        |       |       |       |     2 ||     2
 Armour: Robe              |     1 |     4 |     9 |    16 ||    30
  Dodge: Dodged            |    18 |    38 |    89 |   260 ||   405
  Block: Buckler           |       |       |       |   168 ||   168
         Reflection        |       |       |       |     5 ||     5
